 Dungeon Crawl Stone Soup version 0.29-a0-275-g389c0b56f3 (webtiles) character file.

Game seed: 552337311890113943

6729 Morbidden the Grappler (level 10, -4/94 HPs)
             Began as a Troll Air Elementalist on Mar 10, 2022.
             Was an Elder of Cheibriados.
             Slain by an unseen horror (10 damage)
             ... on level 10 of the Dungeon.
             The game lasted 00:18:36 (10789 turns).

Morbidden the Grappler (Troll Air Elementalist)    Turns: 10789, Time: 00:18:37

Health: -4/94      AC:  5    Str: 28    XL:     10   Next: 75%
Magic:  14/14      EV: 13    Int: 25    God:    Cheibriados [****..]
Gold:   546        SH:  0    Dex: 16    Spells: 13/16 levels left

rFire   . . .      SeeInvis .     - Unarmed
rCold   + . .      Faith    .   c - orb {*Rage}
rNeg    + . .      Spirit   .   k - +1 robe of Egalitarianism {rElec rN+ Regen+ Dex-4}
rPois   +          Reflect  .   (helmet restricted)
rElec   +          Harm     .   (no cloak)
rCorr   .          Rampage  .   (gloves unavailable)
Will    .....      Rage     20% (boots unavailable)
Stlth   ++........              (no amulet)
HPRegen 1.85/turn               d - ring of poison resistance
MPRegen 0.14/turn               p - ring of protection from cold

@: on berserk cooldown, slowed, studying Shields, very slow
A: large, unfitting armour, claws 3, regeneration 1, shaggy fur 1, tough skin 1
a: Renounce Religion, Bend Time, Temporal Distortion, Slouch


You were on level 10 of the Dungeon.
You worshipped Cheibriados.
Cheibriados was greatly pleased with you.
You visited 2 branches of the dungeon, and saw 12 of its levels.
You also visited: Ossuary.

You collected 546 gold pieces.

Inventory:

Hand Weapons
 b - the +9 shortbow "Kosyish" {freeze, *Slow rN+ Str+2 Dex+3}
   (You found it on level 7 of the Dungeon)

   Any ammunition fired from it freezes those it strikes, dealing additional
   cold damage.
   It can also slow down cold-blooded creatures.
   Str:       It affects your strength (+2).
   Dex:       It affects your dexterity (+3).
   rN:        It protects you from negative energy.
   *Slow:     It may slow you when you take damage.
Missiles
 a - 3 throwing nets
 l - 9 poisoned darts (quivered)
 t - 2 curare-tipped darts
Armour
 c - an orb of wrath (worn)
 i - a scarf of invisibility
 k - the +1 robe of Egalitarianism (worn) {rElec rN+ Regen+ Dex-4}
   (You found it on level 3 of the Dungeon)

   Dex:       It affects your dexterity (-4).
   rElec:     It insulates you from electricity.
   rN:        It protects you from negative energy.
   Regen:     It increases your rate of health regeneration.
Jewellery
 d - a ring of poison resistance (left claw)
 j - a ring of fire
 p - a ring of protection from cold (right claw)
Wands
 s - a wand of acid (6)
 y - a wand of mindburst (1)
Scrolls
 f - a scroll of noise
 h - 5 scrolls of fear
 q - a scroll of enchant armour {unknown}
 r - 5 scrolls of teleportation
 u - 2 scrolls of identify
 v - a scroll of amnesia {unknown}
 x - a scroll of enchant weapon {unknown}
Potions
 e - 3 potions of mutation
 g - a potion of curing
 m - 4 potions of cancellation
 n - 2 potions of resistance {unknown}
 o - a potion of ambrosia {unknown}
 w - 3 potions of magic
 z - a potion of flight {unknown}
 A - a potion of berserk rage {unknown}
 B - a potion of lignification {unknown}
Miscellaneous
 C - a phial of floods


   Skills:
 * Level 4.5 Fighting
 + Level 1.6 Bows
 + Level 0.7 Throwing
 * Level 6.3 Dodging
 + Level 2.0 Stealth
 * Level 8.2 Unarmed Combat
 * Level 3.7 Spellcasting
 + Level 2.5 Conjurations
 * Level 4.2 Air Magic
 * Level 4.4 Invocations


You had 13 spell levels left.
You knew the following spells:

 Your Spells              Type           Power      Damage    Failure   Level
a - Shock                 Conj/Air       84%        1d8       2%          1
b - Static Discharge      Conj/Air       21%        N/A       3%          2

Your spell library contained the following spells:

 Spells                   Type           Power      Damage    Failure   Level
 Swiftness                Air            25%        N/A       4%          3
 Animate Skeleton         Necr           8%         N/A       10%         1
 Apportation              Tloc           8%         N/A       10%         1
 Summon Small Mammal      Summ           16%        N/A       10%         1
 Airstrike                Air            12%        N/A       16%         4
 Dazzling Flash           Conj/Hex       22%        N/A       17%         3
 Call Canine Familiar     Summ           4%         N/A       28%         3
 Summon Guardian Golem    Hex/Summ       4%         N/A       28%         3
 Fulminant Prism          Conj/Hex       5%         3d7       50%         4
 Iskenderun's Mystic Bla  Conj/Tloc      11%        2d4       50%         4
 Lee's Rapid Deconstruct  Erth           2%         3d5*      95%         5
 Starburst                Conj/Fire      5%         6d4       100%        6


Dungeon Overview and Level Annotations

Branches:
Dungeon (11/15)            Temple (1/1) D:5         Ossuary (visited)
   Lair: D:8-11         Orc: D:9-12

Altars:
Ashenzari
Cheibriados
Dithmenos
Elyvilon
Fedhas
Gozag
Kikubaaqudgha
Makhleb
Nemelex Xobeh
Okawaru
Qazlal
Ru
Sif Muna
Trog
Uskayaw
Wu Jian
Xom
Yredelemnul
Zin
The Shining One

Shops:
D:8 :   D:10 *

Portals:
Abyss: D:4

Annotations:
D:2 Sigmund
D:4 2 transporters, Anunax's ghost, amateur SpCj


Innate Abilities, Weirdness & Mutations

You are too large for most types of armour.
You have claws for hands.
Your natural rate of healing is unusually fast.
You are covered in fur. (AC +1)
You have tough skin. (AC +1)


Message History

Something hits you.
Unknown command.
You swing at nothing.
Something hits you!
You swing at nothing.
Something hits you.
You miss something. Something hits you.
You swing at nothing.
Something barely misses you.
You swing at nothing.
Something hits you but does no damage.
You swing at nothing.
Something hits you!
You swing at nothing.
Something hits you.
You swing at nothing.
Something hits you!
* * * LOW HITPOINT WARNING * * *
You swing at nothing.
Something hits you.
* * * LOW HITPOINT WARNING * * *
You swing at nothing.
Something hits you.
* * * LOW HITPOINT WARNING * * *
Something hits you but does no damage.
You miss something. Something hits you.
* * * LOW HITPOINT WARNING * * *
You swing at nothing.
Something hits you!
* * * LOW HITPOINT WARNING * * *
You swing at nothing.
Something barely misses you. Something hits you.
* * * LOW HITPOINT WARNING * * *
You closely miss something. Something hits you!
* * * LOW HITPOINT WARNING * * *
You swing at nothing.
Something hits you!
* * * LOW HITPOINT WARNING * * *
Something barely misses you. Something hits you but does no damage.
You closely miss something. Something hits you!
* * * LOW HITPOINT WARNING * * *
You swing at nothing.
Something barely misses you.
You swing at nothing.
Something hits you.
* * * LOW HITPOINT WARNING * * *
You feel better. Something hits you!
* * * LOW HITPOINT WARNING * * *
Something hits you.
* * * LOW HITPOINT WARNING * * *
Unknown command.
Okay, then.
You scratch something but do no damage. Something hits you!
You die...

#.#####.#.......†...#######..#
#.# #.###########..........#
#.#####.##############.#.###..
#....##..........[.......# ###
####.########..........### #
#.# #.########## # #.# #.# #
#.# #{# # #.# #@# # #.# #.## #
##.## #..# # ##...## ##.# #
#.###.#######># # #.#
#.......#.######## #
#.###.#####.#........########
##...## #>#..#####.........
##### #>#..# ##########


There were no monsters in sight!

Vanquished Creatures
  Erolcha (D:10)
  A two-headed ogre (D:8)
  7 yaks (D:10)
  2 wyverns
  Menkaure (D:5)
  A water moccasin (D:6)
  2 ice beasts
  5 orc warriors
  2 ogres
  2 centaurs
  A phantom (D:5)
  7 bullfrogs
  3 kobold brigands
  2 gnoll sergeants
  3 scorpions
  3 wights (D:3)
  6 killer bees (D:10)
  8 howler monkeys
  A crimson imp (D:8)
  6 centaur zombies (Ossuary)
  3 hounds
  4 gnoll shamans
  3 orc priests
  An iguana (D:7)
  Natasha (thrice) (D:3)
  4 orc wizards
  5 mummies (Ossuary)
  30 gnolls
  8 adders
  2 white imps
  2 ufetubi
  2 worms (D:4)
  3 dart slugs
  25 orcs
  3 bats
  3 endoplasms
  7 giant cockroaches
  6 goblins
  7 hobgoblins
  3 jackals (D:2)
  21 kobolds
  3 quokkas (D:1)
  6 ball pythons
  5 frilled lizards
  2 hobgoblin zombies (Ossuary)
  11 rats
236 creatures vanquished.

Notes
Turn   | Place    | Note
-------+----------+-------------------------------------------
     0 | D:1      | Morbidden the Troll Air Elementalist began the quest for
                  | the Orb.
     0 | D:1      | Reached XP level 1. HP: 16/16 MP: 1/1
   132 | D:1      | Found a faded altar of an unknown god.
   470 | D:1      | Reached XP level 2. HP: 24/24 MP: 2/2
   954 | D:2      | Reached skill level 1 in Unarmed Combat
   954 | D:2      | Reached XP level 3. HP: 19/31 MP: 0/3
  1121 | D:2      | You fall into a shaft and drop 1 floor!
  1287 | D:3      | Noticed Natasha
  1297 | D:3      | Killed Natasha
  1298 | D:3      | Reached XP level 4. HP: 33/40 MP: 1/5
  1983 | D:2      | Noticed Sigmund
  2050 | D:3      | Reached skill level 2 in Unarmed Combat
  2056 | D:3      | Reached skill level 1 in Fighting
  2340 | D:4      | Reached XP level 5. HP: 38/46 MP: 6/6
  2542 | D:3      | Identified the +1 robe of Egalitarianism {rElec rN+ Regen+
                  | Dex-4}
  2824 | D:3      | Noticed Natasha
  2832 | D:3      | Killed Natasha
  2833 | D:3      | Reached skill level 3 in Unarmed Combat
  2901 | D:3      | Noticed Natasha
  2908 | D:3      | Killed Natasha
  2909 | D:3      | Reached XP level 6. HP: 55/55 MP: 7/7
  3021 | D:3      | HP: 1/48 [wight/+2 long sword of electrocution (2)]
  3085 | D:3      | Reached skill level 4 in Unarmed Combat
  3230 | D:4      | Found a one-way gate to the infinite horrors of the Abyss.
  3230 | D:4      | Noticed Anunax's ghost (amateur SpCj)
  3230 | D:4      | Noticed a small abomination
  3231 | D:4      | Noticed a toenail golem
  3426 | D:4      | Found a transporter.
  3589 | D:4      | Found a transporter.
  3696 | D:5      | Entered Level 5 of the Dungeon
  3708 | D:5      | Reached XP level 7. HP: 63/63 MP: 8/8
  3860 | D:5      | Found a staircase to the Ecumenical Temple.
  3884 | Temple   | Entered the Ecumenical Temple
  4230 | Temple   | Became a worshipper of Cheibriados the Contemplative
  4494 | D:5      | Noticed Menkaure
  4496 | D:5      | Killed Menkaure
  4497 | D:5      | Reached skill level 5 in Unarmed Combat
  4497 | D:5      | Reached skill level 1 in Conjurations
  4839 | D:5      | Reached skill level 1 in Invocations
  4969 | D:5      | Reached XP level 8. HP: 70/72 MP: 7/10
  5366 | D:6      | Found a sand-covered staircase.
  5373 | Ossuary  | Entered an ossuary
  5507 | Ossuary  | Reached * piety under Cheibriados
  6095 | D:6      | Reached skill level 6 in Unarmed Combat
  6277 | D:6      | Found an ancient bone altar of Kikubaaqudgha.
  7146 | D:7      | Learned a level 2 spell: Static Discharge
  7347 | D:7      | Reached XP level 9. HP: 74/80 MP: 9/12
  7583 | D:7      | Reached ** piety under Cheibriados
  7926 | D:7      | Identified the +9 shortbow "Kosyish" {freeze, *Slow rN+
                  | Str+2 Dex+3}
  8469 | D:8      | Noticed a two-headed ogre
  8691 | D:8      | Found Peaco's Book Shop.
  8772 | D:8      | Reached skill level 5 in Dodging
  8877 | D:8      | Killed a two-headed ogre
  8878 | D:8      | Reached skill level 1 in Bows
  8878 | D:8      | Reached skill level 7 in Unarmed Combat
  8950 | D:8      | Reached *** piety under Cheibriados
  8951 | D:8      | Reached XP level 10. HP: 91/91 MP: 14/14
  9783 | D:10     | Entered Level 10 of the Dungeon
  9905 | D:10     | Noticed Erolcha
  9921 | D:10     | Killed Erolcha
  9981 | D:10     | Reached **** piety under Cheibriados
 10108 | D:10     | Reached skill level 8 in Unarmed Combat
 10395 | D:10     | Found Bobleevi's General Store.
 10753 | D:11     | Noticed an orange demon
 10785 | D:10     | HP: 4/94 [something (7)]
 10789 | D:10     | Slain by an unseen horror

Illustrated notes

Levels and vault maps discovered:
D:1:      scummos_arrival_simple_fountains, layout_basic,
          shapermc_ecumenical_altar_pompeii
D:2:      layout_basic, minmay_surrounded, uniq_sigmund
D:3:      layout_basic, uniq_natasha
D:4:      layout_cave_pools, gammafunk_ghost_abyssal_escape, minivault_1,
          minmay_fractal_squares_gapless_5
D:5:      layout_loops_ring, minmay_temple_entry_hall,
          nicolae_figureground_pulse, uniq_menkaure
D:6:      layout_layer_cave, kiku_gazebo_pond_becter,
          chequers_ossuary_entry_cave
D:7:      layout_loops_ring
D:8:      layout_basic, serial_shops, shop, minmay_fire_ice_demons
D:9:      layout_rooms
D:10:     layout_loops_ring, serial_shops, nicolae_shop_window_shopping,
          roderic_serpentine_path, uniq_erolcha
D:11:     kennysheep_ambush_hall, layout_basic, grunt_lair_entry_orc_guard_hut,
          david_orc_5, serial_rivers, chequers_serial_rivers_micro_c,
          chequers_serial_rivers_small_3, chequers_serial_rivers_large_a,
          chequers_serial_rivers_small_a, chequers_serial_rivers_room_a,
          minmay_misc_feat_room, lightli_airlock
Temple:   mainiacjoe_temple_trianglar_array

Skill      XL: |  1  2  3  4  5  6  7  8  9 10 |
---------------+-------------------------------+-----
Unarmed Combat | 1 2 3 4 5 6 7 8 |  8.2
Fighting       | 1 2 3 4 |  4.5
Dodging        | 2 3 4 5 6 |  6.3
Spellcasting   | 2 3 |  3.7
Conjurations   | 1 2 |  2.5
Air Magic      | 3 4 |  4.2
Invocations    | 1 2 3 4 |  4.4
Bows           | 1 |  1.6
Stealth        | 2 |  2.0
Throwing       | |  0.7

Action                   |  1- 3 |  4- 6 |  7- 9 | 10-12 || total
-------------------------+-------+-------+-------+-------++-------
Melee: Unarmed           |    70 |   213 |   254 |   139 ||   676
       Punch             |     1 |       |     8 |     1 ||    10
 Fire: Shortbow          |       |       |    31 |       ||    31
Throw: Dart              |       |       |    10 |     2 ||    12
 Cast: Shock             |    24 |     8 |   124 |    28 ||   184
       Static Discharge  |       |       |    23 |     8 ||    31
Evoke: Wand              |       |       |     6 |     2 ||     8
  Use: Potion            |       |     5 |     2 |     3 ||    10
       Scroll            |       |       |     8 |     3 ||    11
 Stab: Sleeping          |     4 |     4 |     1 |       ||     9
Armor: Robe              |    25 |    64 |   254 |    35 ||   378
Dodge: Dodged            |    39 |    92 |   328 |   115 ||   574

Table legend: (Time is in decaauts)
 A = Elapsed time spent in this place.
 B = Non-inter-level travel time spent in this place.
 C = Inter-level travel time spent in this place.
 D = Time resting spent in this place.
 E = Time spent auto-exploring this place.
 F = Levels seen in this place.
 G = Mean time per level.
                   A        B        C        D        E       F      G
               +--------+--------+--------+--------+--------+-----+--------+
         Total |  12944 |  12385 |    559 |    783 |   9260 |  13 |  995.7 |
       Dungeon |  12243 |  11746 |    497 |    711 |   8919 |  11 | 1113.0 |
        Temple |    393 |    331 |     62 |      0 |    326 |   1 |  393.0 |
       Ossuary |    306 |    306 |      0 |     72 |     14 |   1 |  306.0 |
               +--------+--------+--------+--------+--------+-----+--------+

Top non-repeatable levels by time:
     D:6: 2031 daAuts
    D:10: 1576 daAuts
     D:7: 1501 daAuts
     D:5: 1386 daAuts
     D:8: 1231 daAuts
     D:3: 1073 daAuts
     D:1: 921 daAuts
     D:9: 848 daAuts
     D:4: 838 daAuts
     D:2: 827 daAuts
  Temple: 393 daAuts
 Ossuary: 306 daAuts
    D:11: 5 daAuts
